 Dungeon Crawl Stone Soup version 0.28.0-45-g0d030f2227 (webtiles) character file.

Game seed: 9320338444586834991

324 pkoi the Insei (level 6, -6/76 HPs)
             Began as a Demigod Gladiator on Apr 18, 2022.
             Killed from afar by an orc (7 damage)
             ... with a bolt of acid
             ... on level 4 of the Dungeon.
             The game lasted 00:04:38 (3508 turns).

pkoi the Insei (Demigod Gladiator)                  Turns: 3508, Time: 00:04:38

Health: -6/76      AC: 19    Str: 15    XL:     6   Next: 2%
Magic:  11/11      EV:  2    Int: 18    God:
Gold:   221        SH:  0    Dex: 15    Spells: 3/7 levels left

rFire   . . .      SeeInvis .   d - +10 whip "Zaxume" {vamp, rCorr}
rCold   . . .      Faith    .   (no shield)
rNeg    . . .      Spirit   .   (armour currently unavailable)
rPois   +          Reflect  .   (helmet currently unavailable)
rElec   .          Harm     .   (cloak currently unavailable)
rCorr   +          Rampage  .   (gloves currently unavailable)
Will    .....      NoTele   +   (boots currently unavailable)
Stlth   +.........              (no amulet)
HPRegen 0.22/turn               (no ring)
MPRegen 0.12/turn               (no ring)

@: lethally poisoned (-6 -> -24), tree-form, corroded
A: stationary, stasis, torment immunity, boosted hp, high MP 1, forlorn, divine
attributes
a: no special abilities


You were on level 4 of the Dungeon.
You were a tree.
You visited 1 branch of the dungeon, and saw 4 of its levels.

You collected 221 gold pieces.

Inventory:

Hand Weapons
 d - the +10 whip "Zaxume" (weapon) {vamp, rCorr}
   (You found it on level 2 of the Dungeon)

   It occasionally heals its wielder for a portion of the damage dealt when it
   wounds a living foe.
   rCorr:     It protects you from acid and corrosion.
 e - a +0 whip
 i - a +0 dagger of pain
Missiles
 c - 3 throwing nets
Armour
 a - a +0 leather armour (melded)
 b - a +0 helmet (melded)
 h - a +0 pair of gloves (melded)
 l - a +0 cloak (melded)
Jewellery
 n - a ring of ice
 o - a ring of resist corrosion
Wands
 g - a wand of flame (14) (quivered)
Scrolls
 f - a scroll of identify
Potions
 j - 2 potions of attraction
 k - a potion of lignification
 m - 2 potions of heal wounds {unknown}
 p - a potion of cancellation {unknown}


   Skills:
 - Level 3.0 Fighting
 - Level 1.7 Throwing
 - Level 3.0 Dodging
 * Level 4.8 Unarmed Combat
 + Level 1.4 Spellcasting
 + Level 1.2 Conjurations
 + Level 1.0 Translocations
 + Level 1.1 Evocations


You had 3 spell levels left.
You knew the following spells:

 Your Spells              Type           Power      Damage    Failure   Level
a - Iskenderun's Mystic   Conj/Tloc      5%         2d3       77%         4

Your spell library contained the following spells:

 Spells                   Type           Power      Damage    Failure   Level
 Dazzling Flash           Conj/Hex       6%         N/A       41%         3
 Starburst                Conj/Fire      1%         6d3       100%        6


Dungeon Overview and Level Annotations

Branches:
Dungeon (4/15)
 Temple: D:4-7

Shops:
D:3 ?

Annotations:
D:1 1 runed translucent door


Innate Abilities, Weirdness & Mutations

You are a tree.
Your roots penetrate the ground, keeping you stationary.
You cannot be teleported.
You are immune to unholy pain and torment.
Your maximum health is greatly increased.
Your equipment is partially melded.
You have an increased reservoir of magic. (+10% MP)
You shall have no god before yourself.
Your divine heritage dramatically boosts your attributes as you level up.


Message History

The acid corrodes you!
Unknown command.
Press: ? - help, v - describe, . - travel
Here: an orc, wielding a +0 short sword, wearing a +0 leather armour and carrying a wand of acid (8)
The floor.
The orc closely misses you. The adder closely misses you.
The orc hits you with a +2 dagger of venom.
* * * LOW HITPOINT WARNING * * *
You are poisoned.
The orc drinks a potion.
The orc seems to grow stronger.
You hit the orc but do no damage.
You feel sick. The adder completely misses you.
The orc hits you with a +0 flail!
* * * LOW HITPOINT WARNING * * *
The orc hits you with a +2 dagger of venom.
* * * LOW HITPOINT WARNING * * *
The orc closely misses you. The adder bites you.
* * * LOW HITPOINT WARNING * * *
You are more poisoned.
The adder poisons you!
You hit the orc.
You feel better.
The orc is lightly wounded.
* * * LOW HITPOINT WARNING * * *
You feel sick. The orc misses you. The orc hits you but does no damage.
The adder bites you.
* * * LOW HITPOINT WARNING * * *
You are lethally poisoned!
The adder poisons you! The orc hits you with a +0 short sword.
* * * LOW HITPOINT WARNING * * *
The orc hits you but does no damage.
It was a potion of lignification.
You turn into a tree.
Your +0 cloak melds into your body.
Your +0 helmet melds into your body.
Your +0 pair of gloves melds into your body.
Your +0 leather armour melds into your body.
Your roots penetrate the ground.
* * * LOW HITPOINT WARNING * * *
You feel very sick. The adder bites you but does no damage.
The orc hits you but does no damage.
You are more poisoned.
The orc zaps a wand.
The bolt of acid hits you! You resist.
You die...

#####'# #...
....... #...
....... #...
..^.... #...
.......######
#...
............#
#...
......oo....+
#...
......S♣....#
#...
#######.o...#
.# #...
#.....#...#
#...
#.....#...#
+...
#.....'...#
#...
#.....#...#
#... #.....#
..# ###'
#.....# +...
#.....# #...


You could see an adder and 3 orcs.

Vanquished Creatures
  An ogre (D:4)
  A bullfrog (D:4)
  Terence (D:2)
  An orc wizard (D:4)
  6 adders
  A worm (D:4)
  A dart slug (D:4)
  5 orcs
  4 ball pythons
  5 endoplasms
  A giant cockroach (D:2)
  2 goblins (D:1)
  3 hobgoblins
  10 jackals
  2 quokkas (D:2)
  8 bats
  4 frilled lizards
  A kobold (D:3)
  10 rats
67 creatures vanquished.

Notes
Turn   | Place    | Note
-------+----------+-------------------------------------------
     0 | D:1      | pkoi the Demigod Gladiator began the quest for the Orb.
     0 | D:1      | Reached XP level 1. HP: 17/17 MP: 3/3
     1 | D:1      | Found a runed translucent door.
   179 | D:1      | Reached skill level 3 in Unarmed Combat
   778 | D:1      | Reached XP level 2. HP: 24/24 MP: 4/4
  1415 | D:2      | Reached XP level 3. HP: 29/29 MP: 5/5
  1436 | D:2      | Noticed Terence
  1728 | D:2      | Identified the +10 whip "Zaxume" {vamp, rCorr}
  1866 | D:2      | Killed Terence
  1867 | D:2      | Reached skill level 4 in Unarmed Combat
  2034 | D:2      | Reached XP level 4. HP: 37/37 MP: 7/7
  2160 | D:3      | Found Duigagid's Magic Scroll Boutique.
  2653 | D:3      | Reached skill level 1 in Spellcasting
  2873 | D:4      | Learned a level 4 spell: Iskenderun's Mystic Blast
  2911 | D:4      | Noticed an ogre
  2922 | D:4      | Killed an ogre
  2923 | D:4      | Reached XP level 5. HP: 44/44 MP: 9/9
  2944 | D:4      | Reached skill level 1 in Conjurations
  2944 | D:4      | Reached skill level 1 in Evocations
  3290 | D:4      | Reached skill level 1 in Translocations
  3290 | D:4      | Reached XP level 6. HP: 23/51 MP: 10/10
  3507 | D:4      | HP: 2/51 [orc/+0 short sword (5)]
  3508 | D:4      | Killed from afar by an orc

Illustrated notes

Levels and vault maps discovered:
D:1:      dpeg_arrival_caged_fury, layout_basic,
          chequers_ecumenical_altar_twisty
D:2:      layout_basic, uniq_terence
D:3:      layout_loops_cross, serial_shops, nicolae_shop_crystal
D:4:      layout_gridville

Skill      XL: |  1  2  3  4  5 |
---------------+----------------+-----
Unarmed Combat | 3 4 |  4.8
Fighting       | 2 3 |  3.0
Spellcasting   | 1 |  1.4
Dodging        | 3 |  3.0
Conjurations   | 1 |  1.2
Evocations     | 1 |  1.1
Translocations | 1 |  1.0
Throwing       | |  1.7

Action                   |  1- 3 |  4- 6 || total
-------------------------+-------+-------++-------
Melee: Unarmed           |   122 |       ||   122
       Punch             |     8 |     3 ||    11
       Whip              |    18 |    80 ||    98
Evoke: Wand              |       |     3 ||     3
  Use: Scroll            |     1 |     2 ||     3
       Potion            |       |     1 ||     1
 Stab: Sleeping          |       |     2 ||     2
Armor: Leather armour    |    50 |    37 ||    87
       Skin              |       |     2 ||     2
Dodge: Dodged            |   105 |    70 ||   175
